 Dungeon Crawl Stone Soup version 0.31.0-32-g396128a36d (webtiles) character file.

Game seed: 1860390587203771913

1554 monsoonserge the Ruffian (level 8, 0/54 HPs)
             Began as a Gnoll Shapeshifter on Mar 28, 2024.
             Was a Priest of Hepliaklqana.
             Succumbed to a water moccasin's poison
             ... on level 6 of the Dungeon.
             The game lasted 00:15:07 (3575 turns).

monsoonserge the Ruffian (Gnoll Shapeshifter)       Turns: 3575, Time: 00:15:07

Health: 0/54       AC:  7    Str: 15    XL:     8   Next: 88%
Magic:  13/13      EV: 12    Int: 16    God:    Hepliaklqana [***...]
Gold:   201        SH:  0    Dex: 12    Spells: 11/14 levels left

rFire   + +          .
                       - Unarmed
rCold   + . .        (no shield)
rNeg    . . .        s - +2 ring mail {rF+}
rPois   +            (helmet currently unavailable)
rElec   +            (cloak currently unavailable)
rCorr   +            (gloves currently unavailable)
SInv    .            (boots currently unavailable)
Will    .....        (no amulet)
Stlth   ++           u - +6 ring of intelligence
HPRegen 0.29/turn    (no ring)
MPRegen 0.13/turn

%: no passive effects
@: mighty, lethally poisoned (0 -> -7), beast-form, resistant, attractive,
hasted, very quick
A: beast (slay +4), reduced essence, fangs 1, strong nose, distributed training,
mutation resistance 1, sense surroundings 1
a: Begin Untransformation, Renounce Religion, Recall Ancestor, Ancestor
Identity, Transference


You were on level 6 of the Dungeon.
You worshipped Hepliaklqana.
Hepliaklqana was most pleased with you.
You were a hulking beast.
You visited 2 branches of the dungeon, and saw 7 of its levels.

You collected 201 gold pieces.

Inventory:

Missiles
 e - 3 boomerangs
 j - a throwing net
 o - 9 poisoned darts (quivered)
Armour
 g - a +0 cloak
 n - a +1 robe of willpower
 s - a +2 ring mail of fire resistance (worn)
 v - a +0 pair of boots
Jewellery
 u - a +6 ring of intelligence (left hand)
Talismans
 c - a beast talisman
 d - a flux talisman
Scrolls
 a - a scroll of blinking {unknown}
 f - a scroll of fear {unknown}
 l - a scroll of acquirement {unknown}
 m - a scroll of revelation
 p - a scroll of teleportation {unknown}
 q - a scroll of vulnerability
 r - 2 scrolls of fog {unknown}
Potions
 k - a potion of haste


   Skills:
 + Level 4.6 Fighting
 + Level 3.8 Short Blades
 + Level 3.8 Long Blades
 + Level 3.8 Axes
 + Level 3.8 Maces & Flails
 + Level 3.8 Polearms
 + Level 3.8 Staves
 + Level 3.8 Ranged Weapons
 + Level 3.8 Throwing
 + Level 3.8 Armour
 + Level 6.0 Dodging
 + Level 3.8 Stealth
 + Level 3.8 Shields
 + Level 7.6 Unarmed Combat
 + Level 3.8 Spellcasting
 + Level 3.1 Conjurations
 + Level 3.1 Hexes
 + Level 3.1 Summonings
 + Level 3.1 Necromancy
 + Level 3.1 Translocations
 + Level 3.1 Fire Magic
 + Level 3.1 Ice Magic
 + Level 3.1 Air Magic
 + Level 3.1 Earth Magic
 + Level 3.1 Alchemy
 + Level 4.2 Invocations
 + Level 3.8 Evocations
 + Level 7.4 Shapeshifting


You had 11 spell levels left.
You knew the following spells:

 Your Spells              Type           Power      Damage    Failure   Level
a - Fugue of the Fallen   Necr           13%        N/A       26%         3

Your spell library contained the following spells:

 Spells                   Type           Power      Damage    Failure   Level
 Ensorcelled Hibernation  Hex/Ice        26%        N/A       13%         2
 Anguish                  Hex/Necr       6%         N/A       65%         4


Dungeon Overview and Level Annotations

Branches:
Dungeon (6/15)             Temple (1/1) D:4

Altars:
Ashenzari
Cheibriados
Dithmenos
Hepliaklqana
Kikubaaqudgha
Makhleb
Nemelex Xobeh
Qazlal
Ru
Sif Muna
Trog
Uskayaw
Vehumet
Wu Jian
Yredelemnul
Zin
The Shining One

Annotations:
D:4 2 transporters, seawaffle's ghost, amateur TrFi
D:5 2 runed translucent doors, Sigmund
D:6 Menkaure


Innate Abilities, Weirdness & Mutations

You are a hulking beast.
Your limbs bulge with bestial killing power. (Slay +4)
Your life essence is reduced to manifest your ancestor. (-10% HP)
You have very sharp teeth.
Your uncanny sense of smell can sniff out nearby items.
Your experience applies equally to all skills.
You are somewhat resistant to further mutation.
You passively map a small area around you.


Message History

* * * LOW HITPOINT WARNING * * *
You feel very sick.
Menkaure calls on the powers of darkness!
The water moccasin convulses!
Your body is wracked with pain!
* * * LOW HITPOINT WARNING * * *
The water moccasin misses Zola.
Zola hits the water moccasin with a +0 quarterstaff!!
The water moccasin dies!
It was a potion of might.
You feel very mighty all of a sudden.
* * * LOW HITPOINT WARNING * * *
You feel sick.
Zola hits Menkaure with a +0 quarterstaff.
It was a potion of attraction.
You feel attractive to monsters.
* * * LOW HITPOINT WARNING * * *
You feel sick.
Menkaure hits Zola!!
It was a potion of mutation.
You feel extremely strange.
You feel genetically stable.
You feel a strange attunement to the structure of the dungeons.
* * * LOW HITPOINT WARNING * * *
You feel sick.
Zola gestures at Menkaure while chanting.
The stone arrow hits Menkaure!
Menkaure hits Zola!
Zola is destroyed!
Menkaure is attracted toward you.
It was a potion of resistance.
You feel protected.
* * * LOW HITPOINT WARNING * * *
You feel sick. Menkaure misses you.
You are mighty.
You are lethally poisoned (1 -> -6).
You are a hulking beast.
You are resistant to the elements.
You attract monsters toward you.
Your actions are hasted.
Your movement speed is very quick.
Your attack delay is about 0.6.
Your damage rating with unarmed combat is about 16 (Base [3 + 7 (UC)] x 112% (Str) x 107% (Fight) + 4 (Slay)).
Your base attributes are Str 15, Int 10, Dex 12.
Unknown command.
You barely miss Menkaure.
Menkaure is moderately damaged.
You die...

#.# #...#### * #.#
#...# , *
..####...######## # ,
................#
.###
................#
,#... *
................#,
..#*
######...####.###*<.#
#...####.####..#### *
* #...#......h......#
#...#.##.##M#..##.#
#...# #.##ยง# ....*
#. ......, #..# *
.#......* ,.#
.......... # ..
....##.## * ,
,,......#. .# *,
..#.#. .#


You could see Menkaure (fast).

Vanquished Creatures
  Pikel (D:4)
  Edmund (D:4)
  An orc warrior (D:5)
  A scorpion (D:6)
  Dowan (D:4)
  An orc priest (D:3)
  2 hounds
  7 adders
  An ufetubus (D:6)
  5 dart slugs
  3 ribbon worms
  9 orcs
  3 ball pythons
  11 endoplasms
  8 hobgoblins
  8 jackals
  2 quokkas
  4 bats (D:1)
  4 frilled lizards
  7 goblins
  12 kobolds
  8 rats
100 creatures vanquished.

Vanquished Creatures (collateral kills)
  Duvessa (D:4)
  A water moccasin (D:6)
  An ogre (D:6)
  A kobold brigand (D:4)
  A scorpion (D:5)
  A hound (D:6)
  A jelly (D:4)
  A white imp (D:5)
  An ufetubus (D:6)
  2 dart slugs (D:4)
  A ribbon worm (D:4)
  An orc (D:6)
  A giant cockroach (D:3)
  A goblin (D:3)
  A jackal (D:4)
  A kobold (D:4)
17 creatures vanquished.

Vanquished Creatures (others)
  A battlemage (D:6)
1 creature vanquished.

Grand Total: 118 creatures vanquished

Notes
Turn   | Place    | Note
-------+----------+-------------------------------------------
     0 | D:1      | monsoonserge the Gnoll Shapeshifter began the quest for the
                  | Orb.
     0 | D:1      | Reached XP level 1. HP: 17/17 MP: 1/1
   102 | D:1      | Reached XP level 2. HP: 18/23 MP: 2/2
   287 | D:1      | Reached XP level 3. HP: 22/28 MP: 3/3
   303 | D:1      | Reached skill level 1 in Invocations
   710 | D:2      | Reached skill level 1 in Short Blades
   710 | D:2      | Reached skill level 1 in Long Blades
   710 | D:2      | Reached skill level 1 in Axes
   710 | D:2      | Reached skill level 1 in Maces & Flails
   710 | D:2      | Reached skill level 1 in Polearms
   710 | D:2      | Reached skill level 1 in Staves
   710 | D:2      | Reached skill level 1 in Ranged Weapons
   710 | D:2      | Reached skill level 1 in Throwing
   710 | D:2      | Reached skill level 1 in Armour
   710 | D:2      | Reached skill level 1 in Stealth
   710 | D:2      | Reached skill level 1 in Shields
   710 | D:2      | Reached skill level 1 in Spellcasting
   710 | D:2      | Reached skill level 1 in Evocations
   769 | D:2      | Reached XP level 4. HP: 34/34 MP: 5/5
  1048 | D:2      | Found a faded altar of an unknown god.
  1051 | D:2      | Prayed at the altar of an unknown god.
  1051 | D:2      | Became a worshipper of Hepliaklqana the Forgotten
  1051 | D:2      | Reached * piety under Hepliaklqana
  1476 | D:3      | Reached skill level 1 in Conjurations
  1476 | D:3      | Reached skill level 1 in Hexes
  1476 | D:3      | Reached skill level 1 in Summonings
  1476 | D:3      | Reached skill level 1 in Necromancy
  1476 | D:3      | Reached skill level 1 in Translocations
  1476 | D:3      | Reached skill level 1 in Fire Magic
  1476 | D:3      | Reached skill level 1 in Ice Magic
  1476 | D:3      | Reached skill level 1 in Air Magic
  1476 | D:3      | Reached skill level 1 in Earth Magic
  1476 | D:3      | Reached skill level 1 in Alchemy
  1511 | D:3      | Reached XP level 5. HP: 36/36 MP: 5/7
  1637 | D:3      | Found a broken altar of Ashenzari.
  1681 | D:3      | Found an ornate altar of the Wu Jian Council.
  1741 | D:3      | Found a sparkling altar of Nemelex Xobeh.
  2028 | D:4      | Noticed Edmund
  2043 | D:4      | Killed Edmund
  2044 | D:4      | Reached skill level 5 in Dodging
  2044 | D:4      | Reached XP level 6. HP: 9/42 MP: 7/9
  2480 | D:4      | Reached ** piety under Hepliaklqana
  2481 | D:4      | Remembered your ancestor Zola as a battlemage
  2501 | D:4      | Noticed seawaffle's ghost (amateur TrFi)
  2512 | D:4      | Found a transporter.
  2517 | D:4      | Noticed Pikel
  2527 | D:4      | Killed Pikel
  2528 | D:4      | Reached XP level 7. HP: 47/47 MP: 9/11
  2529 | D:4      | Found a staircase to the Ecumenical Temple.
  2533 | D:4      | Reached XP level 8. HP: 47/54 MP: 9/12
  2542 | Temple   | Entered the Ecumenical Temple
  2587 | D:4      | Found a transporter.
  2690 | D:4      | Noticed Dowan
  2693 | D:4      | Noticed Duvessa
  2697 | D:4      | Killed Dowan
  2703 | D:4      | Killed Duvessa
  3223 | D:5      | Entered Level 5 of the Dungeon
  3259 | D:5      | Found a bloodstained altar of Trog.
  3360 | D:5      | Reached *** piety under Hepliaklqana
  3370 | D:5      | Found a large runed translucent door.
  3370 | D:5      | Found a large runed translucent door.
  3414 | D:5      | Learned a level 3 spell: Fugue of the Fallen
  3502 | D:5      | Noticed Sigmund
  3563 | D:6      | Noticed Menkaure
  3573 | D:6      | Gained mutation: You are somewhat resistant to further
                  | mutation. [potion of mutation]
  3573 | D:6      | Gained mutation: You passively map a small area around you.
                  | [potion of mutation]
  3573 | D:6      | HP: 2/54 [poisoned by a water moccasin]
  3575 | D:6      | Succumbed to a water moccasin's poison

Illustrated notes

Levels and vault maps discovered:
D:1:      shiori_arrival_maze, layout_rooms
D:2:      layout_loops_corners, hellmonk_ecumenical_altar_inner_sanctum
D:3:      layout_rooms, ashenzari_altar_1, mainiacjoe_overflow_paths,
          nemelex_altar_shiori
D:4:      layout_basic, minmay_temple_entry_mini_moons,
          gammafunk_ghost_stat_death, uniq_edmund, uniq_pikel, uniq_duvessa
D:5:      layout_gridville, nicolae_overflow_crystal_walls,
          mainiacjoe_overflow_24_doors, minmay_hollow_rounded_squares,
          uniq_sigmund
D:6:      layout_loops_cross, nicolae_xom_altar_mimics,
          mainiacjoe_sewer_entry_somewhere_in_here_2, doesnt_shop_hydraphobe,
          uniq_menkaure
Temple:   hellmonk_temple_forest_ring

Skill      XL: |  1  2  3  4  5  6  7  8 |
---------------+-------------------------+-----
Invocations    | 1 2 3 4 |  4.2
Short Blades   | 1 2 3 |  3.8
Long Blades    | 1 2 3 |  3.8
Axes           | 1 2 3 |  3.8
Maces & Flails | 1 2 3 |  3.8
Polearms       | 1 2 3 |  3.8
Staves         | 1 2 3 |  3.8
Ranged Weapons | 1 2 3 |  3.8
Throwing       | 1 2 3 |  3.8
Armour         | 1 2 3 |  3.8
Stealth        | 1 2 3 |  3.8
Shields        | 1 2 3 |  3.8
Spellcasting   | 1 2 3 |  3.8
Evocations     | 1 2 3 |  3.8
Conjurations   | 1 2 3 |  3.1
Hexes          | 1 2 3 |  3.1
Summonings     | 1 2 3 |  3.1
Necromancy     | 1 2 3 |  3.1
Translocations | 1 2 3 |  3.1
Fire Magic     | 1 2 3 |  3.1
Ice Magic      | 1 2 3 |  3.1
Air Magic      | 1 2 3 |  3.1
Earth Magic    | 1 2 3 |  3.1
Alchemy        | 1 2 3 |  3.1
Fighting       | 3 4 |  4.6
Dodging        | 5 6 |  6.0
Unarmed Combat | 7 |  7.6
Shapeshifting  | 7 |  7.4

Action                     |  1- 3 |  4- 6 |  7- 9 || total
---------------------------+-------+-------+-------++-------
  Melee: Unarmed           |    85 |    91 |    56 ||   232
         Bite              |     3 |    13 |     5 ||    21
         Punch             |     2 |     6 |     2 ||    10
  Throw: Throwing net      |       |     1 |       ||     1
         Dart              |       |       |     1 ||     1
 Invoke: Ancestor Life: Ba |       |     1 |       ||     1
    Use: Potion            |       |     1 |     5 ||     6
         Scroll            |       |     4 |       ||     4
   Stab: Sleeping          |       |     3 |     1 ||     4
         Distracted        |       |     1 |       ||     1
 Armour: Animal skin       |    42 |    10 |       ||    52
         Scale mail        |       |    13 |       ||    13
         Skin              |       |     5 |       ||     5
         Ring mail         |       |    11 |    38 ||    49
  Dodge: Dodged            |    45 |    31 |    35 ||   111
